 Dungeon Crawl Stone Soup version 0.31-a0-960-g0fca184906 (webtiles) character file.

Game seed: 3270633393938759402

53 gelatine the Stinger (level 3, 0/25 HPs)
             Began as a Demonspawn Venom Mage on Oct 23, 2023.
             Slain by an adder (2 damage)
             ... on level 2 of the Dungeon.
             The game lasted 00:04:43 (1332 turns).

gelatine the Stinger (Demonspawn Venom Mage)        Turns: 1332, Time: 00:04:44

Health: 0/25       AC:  2    Str:  8    XL:     3   Next: 62%
Magic:  5/6        EV: 12    Int: 18    God:
Gold:   121        SH:  4    Dex: 13    Spells: 4/7 levels left

rFire   . . .        g - +0 dagger
rCold   . . .        (no shield)
rNeg    . . .        a - +0 robe
rPois   .            (no helmet)
rElec   .            (no cloak)
rCorr   .            (no gloves)
SInv    .            (no boots)
Will    .....        b - amulet of magic regeneration
Stlth   ++           (no ring)
HPRegen 0.24/turn    (no ring)
MPRegen 0.50/turn

%: no passive effects
@: lethally poisoned (0 -> 0)
A: condensation shield
a: no special abilities


You were on level 2 of the Dungeon.
You visited 1 branch of the dungeon, and saw 2 of its levels.

You collected 121 gold pieces.

Inventory:

Hand Weapons
 g - a +0 dagger (weapon)
Armour
 a - a +0 robe (worn)
Magical Staves
 j - a staff of death
Jewellery
 b - an amulet of magic regeneration (around neck)
Scrolls
 e - a scroll of butterflies {unknown}
 f - a scroll of acquirement {unknown}
 h - a scroll of noise {unknown}
Potions
 c - a potion of enlightenment {unknown}
 d - a potion of heal wounds {unknown}
 i - a potion of cancellation {unknown}


   Skills:
 * Level 0.4 Fighting
 * Level 2.1 Dodging
 + Level 1.9 Stealth
 * Level 2.5 Spellcasting
 * Level 1.4 Transmutations
 * Level 3.6 Poison Magic


You had 4 spell levels left.
You knew the following spells:

 Your Spells              Type           Power      Damage    Failure   Level
a - Sting                 Tmut/Pois      44%        1d5       6%          1
b - Poisonous Vapours     Pois/Air       16%        N/A       12%         2

Your spell library contained the following spells:

 Spells                   Type           Power      Damage    Failure   Level
 Mephitic Cloud           Conj/Pois/Air  6%         N/A       30%         3
 Olgreb's Toxic Radiance  Pois           15%        N/A       36%         4
 Frozen Ramparts          Ice            4%         1d1       45%         3
 Petrify                  Tmut/Erth      4%         N/A       77%         4
 Metabolic Englaciation   Hex/Ice        1%         N/A       99%         5


Dungeon Overview and Level Annotations

Branches:
Dungeon (2/15)

Altars:
Kikubaaqudgha


Innate Abilities, Weirdness & Mutations

A meltable shield of frost defends you. (SH +4)


Message History

Found a leather armour.
An adder comes into view.
Found a stone staircase leading up.
The adder hisses angrily.
The adder bites you.
You are poisoned.
The adder poisons you!
You hit the adder. You punch the adder.
The adder is moderately wounded.
You feel sick. The adder bites you. x2
You barely miss the adder.
The adder is moderately wounded.
You feel sick. You block the adder's attack.
You hit the adder but do no damage. Your punch misses the adder.
The adder is moderately wounded.
You feel sick. The adder bites you.
You hit the adder.
The adder is heavily wounded.
You feel sick. The adder bites you.
You are more poisoned.
The adder poisons you! The adder misses you.
You hit the adder but do no damage.
The adder is heavily wounded.
You feel sick. The adder misses you.
You miss the adder.
The adder is heavily wounded.
You feel sick. The adder bites you.
* * * LOW HITPOINT WARNING * * *
You hit the adder.
The adder is severely wounded.
You feel sick. The adder bites you.
* * * LOW HITPOINT WARNING * * *
The adder closely misses you.
Casting: Sting (safe; 6% risk of failure)
Confirm with . or Enter, or press ? or * to list all spells.
Aiming: Sting (safe; 6% risk of failure)
Press: ? - help, Shift-Dir - straight line, f - adder
Aim: an adder (severely wounded, 53% to hit)
The sting misses the adder.
You feel sick. The adder bites you.
You die...

................#..
..................#..
...................#
...................### #
..........#..........#.#
.)......#..........#...#
.......#..##...[.S.....#
................@..#
.........###.#...<.#
....###...##.##....#
...## ##...#.##.##.###
.>.######..#.##.#....#
##.##...........#....#.#
##.##..........##....#.#
##.##................#.#
................#....#.#


You could see an adder.

Vanquished Creatures
  An adder (D:2)
  A dart slug (D:1)
  5 bats
  3 endoplasms
  2 giant cockroaches (D:1)
  3 goblins
  3 hobgoblins
  2 jackals (D:2)
  4 kobolds
  4 quokkas
  3 ball pythons (D:1)
  4 frilled lizards
  2 rats (D:1)
37 creatures vanquished.

Notes
Turn   | Place    | Note
-------+----------+-------------------------------------------
     0 | D:1      | gelatine the Demonspawn Venom Mage began the quest for the
                  | Orb.
     0 | D:1      | Reached XP level 1. HP: 13/13 MP: 3/3
   321 | D:1      | Gained mutation: A meltable shield of frost defends you.
                  | (SH +4) [demonic ancestry]
   321 | D:1      | Reached XP level 2. HP: 14/19 MP: 0/5
   517 | D:1      | Reached skill level 1 in Transmutations
  1008 | D:2      | Found an ancient bone altar of Kikubaaqudgha.
  1013 | D:2      | Learned a level 2 spell: Poisonous Vapours
  1032 | D:2      | Reached XP level 3. HP: 24/24 MP: 3/6
  1198 | D:2      | Found a faded altar of an unknown god.
  1332 | D:2      | Slain by an adder

Illustrated notes

Levels and vault maps discovered:
D:1:      evilmike_arrival_plus, layout_basic, serial_forest,
          infiniplex_forest_fountain, infiniplex_forest_end_double,
          infiniplex_forest_clump_C, infiniplex_forest_straight_3,
          infiniplex_forest_clump_curved, infiniplex_forest_lined_corner,
          infiniplex_forest_straight_1, infiniplex_forest_end_1
D:2:      layout_rooms, basic_altar, ebering_ecumenical_altar_petrified

Skill      XL: |  1  2 |
---------------+-------+-----
Transmutations | 1 |  1.4
Dodging        | 2 |  2.1
Fighting       | |  0.4
Stealth        | |  1.9
Spellcasting   | |  2.5
Poison Magic   | |  3.6

Action                     || total
---------------------------++-------
  Melee: Unarmed           ||    10
         Dagger            ||    16
         Punch             ||     1
   Cast: Sting             ||    69
         Poisonous Vapours ||     8
    Use: Potion            ||     1
 Armour: Robe              ||    31
  Dodge: Dodged            ||    37
  Block: Other             ||     4

Table legend: (Time is in decaauts)
 A = Elapsed time spent in this place.
 B = Non-inter-level travel time spent in this place.
 C = Inter-level travel time spent in this place.
 D = Time resting spent in this place.
 E = Time spent auto-exploring this place.
 F = Levels seen in this place.
 G = Mean time per level.
                   A        B        C        D        E       F      G
               +--------+--------+--------+--------+--------+-----+--------+
         Total |   1331 |   1267 |     64 |      0 |    976 |   2 |  665.5 |
       Dungeon |   1331 |   1267 |     64 |      0 |    976 |   2 |  665.5 |
               +--------+--------+--------+--------+--------+-----+--------+

Top non-repeatable levels by time:
     D:1: 986 daAuts
     D:2: 345 daAuts
